 Dungeon Crawl Stone Soup version 0.14-a0-1403-g5d3c58f (webtiles) character file.

341 PolkaDot the Cutter (level 5, -3/38 HPs)
             Began as a Vampire Death Knight on Dec 10, 2013.
             Was a Priest of Yredelemnul.
             Slain by an ogre
             ... wielding a +0,+0 great mace
              (25 damage)
             ... on Level 4 of the Dungeon.
             The game lasted 00:09:49 (2727 turns).

PolkaDot the Cutter (Vampire Death Knight)          Turns: 2727, Time: 00:09:49

HP  -3/38        AC  5     Str 12      XL: 5   Next: 55%
MP   6/6         EV 10     Int 17      God: Yredelemnul [***...]
Gold 133         SH  0     Dex 14      Spells:  0 memorised,  4 levels left

rFire  . . .     SeeInvis +     a - +1 short sword
rCold  . . .     Clarity  .     b - +0 leather armour
rNeg   + . .     Conserve .     (no shield)
rPois  .         rCorr    .     (no helmet)
rElec  .         rRot     .     o - +0 cloak
SustAb . .       Spirit   .     i - +0 pair of gloves
rMut   .         Warding  .     (no boots)
Saprov . . .     Stasis   .     (no amulet)
                                d - ring of protection from magic {unknown}
                                f - +4 ring of intelligence

@: quite resistant to hostile enchantments, unstealthy
A: fangs 3, see invisible, unbreathing
a: Bat Form, Animate Dead, Recall Undead Slaves, Injury Mirror, Renounce
Religion


You were on level 4 of the Dungeon.
You worshipped Yredelemnul.
Yredelemnul was most pleased with you.
You were not thirsty.

You visited 1 branch of the dungeon, and saw 4 of its levels.

You collected 133 gold pieces.

Inventory:

Hand weapons
 a - a +1,+1 short sword (weapon)
Armour
 b - a +0 leather armour (worn)
 i - a +0 pair of gloves (worn)
 o - a +0 cloak (worn)
Scrolls
 m - a scroll of teleportation
 q - a scroll of curse weapon {unknown}
 r - a scroll of curse jewellery {unknown}
Jewellery
 d - a ring of protection from magic (right hand) {unknown}
 f - a +4 ring of intelligence (left hand)
Potions
 e - 2 potions of might
 g - 2 potions of flight
 h - a potion of magic
 j - 2 potions of heal wounds
 k - 2 potions of brilliance
 l - a potion of beneficial mutation


   Skills:
 - Level 1.7 Fighting
 * Level 6.5 Short Blades
 - Level 0.7 Armour
 - Level 1.1 Dodging
 - Level 2.4 Invocations


You had 4 spell levels left.
You didn't know any spells.

Dungeon Overview and Level Annotations

Branches:
Dungeon (4/16)
 Temple: D:4-7

Altars:


Innate Abilities, Weirdness & Mutations

You have razor-sharp teeth.*
You have supernaturally acute eyesight.
You can survive without breathing.*


Message History

Anything else - Stay silent.
Retreat in which direction?
Press: ? - help, Dir - move target cursor Fall back!
You swap places.
You swap places.
A worker ant comes into view.
What do you say? t - Shout!
Orders for allies: a - Attack new target. r - Retreat! s - Stop attacking. w - Wait here. f - Follow me.
Anything else - Stay silent.
Follow me!
You hit the ogre.
The ogre is lightly wounded.
The ogre hits you with a great mace!
Ouch! That really hurt!
You die...
Yredelemnul claims you as an undead slave.

#..........# #.#
########.### #.######
#.# #......# #.#
#####.## #.# #.# #.# #.#
#z# ####.#
##############z# #....#
............aO@# #.####
######################.#
#.....z.z.....#
#.#############
#######.# #..z..z.#
#.####### #.#<...#
#z####.#


You could see an ogre, a worker ant and 2 friendly kobold zombies.

Vanquished Creatures
  An orc wizard (D:3)
  4 adders
  2 giant mites
  3 worms
  2 oozes
  5 orcs (D:3)
  11 bats
  6 giant cockroaches
  11 hobgoblins
  7 jackals
  6 kobolds
  2 quokkas (D:2)
  A ball python (D:2)
  A giant gecko (D:1)
  2 giant newts
  11 goblins
  10 rats
85 creatures vanquished.

Vanquished Creatures (collateral kills)
  A worker ant (D:4)
  An adder (D:2)
  A bat (D:4)
3 creatures vanquished.

Vanquished Creatures (others)
  A bat zombie (D:3)
  A hobgoblin zombie (D:2)
2 creatures vanquished.

Grand Total: 90 creatures vanquished

Notes
Turn   | Place    | Note
--------------------------------------------------------------
     0 | D:1      | PolkaDot, the Vampire Death Knight, began the quest for the Orb.
     0 | D:1      | Reached XP level 1. HP: 16/16 MP: 1/1
   103 | D:1      | Reached skill level 3 in Short Blades
   103 | D:1      | Reached XP level 2. HP: 1/22 MP: 2/2
   504 | D:1      | Acquired Yredelemnul's second power
   752 | D:2      | Reached XP level 3. HP: 24/27 MP: 4/4
   847 | D:2      | Reached skill level 4 in Short Blades
  1219 | D:2      | Reached XP level 4. HP: 30/33 MP: 5/5
  1234 | D:2      | Reached skill level 5 in Short Blades
  1901 | D:3      | Acquired Yredelemnul's third power
  2161 | D:3      | Reached XP level 5. HP: 20/38 MP: 4/6
  2171 | D:3      | Reached skill level 6 in Short Blades
  2713 | D:4      | Noticed an ogre
  2727 | D:4      | Slain by an ogre

Action                   |  1- 3 |  4- 6 || total
-------------------------+-------+-------++-------
Melee: Short sword       |   146 |   201 ||   347
Invok: Animate Remains   |     7 |     3 ||    10
       Animate Dead      |       |     8 ||     8
       Recall Undead Sla |       |     1 ||     1
  Use: Potion            |     1 |     3 ||     4
       Scroll            |       |    12 ||    12
 Stab: Sleeping          |       |     1 ||     1
